[Event "1. Bamberg-Open 2018"]
[Site "Bamberg"]
[Date "2018.05.12"]
[Round "6"]
[White "Scholz, Christian"]
[Black "Spitzl, Vinzent"]
[Result "1-0"]
[ECO "D38"]
[WhiteElo "2388"]
[BlackElo "2254"]
[Annotator "NA"]
[PlyCount "67"]
[EventDate "2018.??.??"]
[EventType "swiss"]
[EventCountry "GER"]
[SourceTitle "playchess.com"]
[Source "ChessBase"]
[SourceQuality "1"]
[TimeControl "40/5400+30:900+30"]

1. d4 d5 2. c4 e6 3. Nc3 Bb4 4. Nf3 Nf6 5. Bg5 h6 6. Bxf6 Qxf6 7. e3 {[%emt 0:00:10] LiveBook: 722 Games} O-O 8. Rc1 Nc6 9. Qb3 {[%emt 0:06:48] D38: Queen's Gambit Declined: Ragozin Defence (4 Nf3 Bb4)} (9. cxd5 exd5 10. a3 Bxc3+ 11. Rxc3 Ne7 12. Be2 c6 13. O-O Ng6 14. b4 a6 15. a4 Bg4 16. Ne1 Bxe2 17. Qxe2 Rfe8 18. Qf3 Qg5 19. Qg3 Qf6 20. Qf3 Qg5 21. Qg3 Qf6 22. Qf3 {½-½ (22) Bu,X (2730)-Harikrishna,P (2744) Riadh 2017}) 9... a5 10. a3 a4 11. Qc2 Ba5 12. Nd2 $146 ({Predecessor:} 12. Be2 dxc4 13. Bxc4 e5 14. d5 Nd4 15. Qd1 Bg4 16. exd4 e4 17. h3 exf3 18. hxg4 fxg2 19. Rg1 Rfe8+ 20. Be2 Qf3 21. Rc2 Re7 22. Kd2 Qxf2 23. Kc1 Rae8 {0-1 (23) Lukacs,P (2420)-Horvath,P (2482) Budapest 2002}) 12... Rd8 13. Be2 Bxc3 14. bxc3 dxc4 15. Bxc4 e5 16. O-O Qd6 17. Qa2 Qg6 18. f4 exd4 19. cxd4 Na5 20. f5 Qf6 $2 {[%emt 0:03:45] [#]} ({Better is} 20... Bxf5 $14 21. Bxf7+ Qxf7 22. Qxf7+ Kxf7) 21. Bd3 (21. Ne4 $1 $18 {[%cal Re4f6] is the precise move to win.} Qe7 22. Bd3) 21... Qg5 22. Rf3 ({Stronger than} 22. Rxc7 Qxe3+ 23. Kh1 Bd7 $15) 22... Nb3 23. Nxb3 axb3 24. Qxb3 Qe7 25. a4 Rd6 26. Bc4 Ra5 (26... Rf6 $14) 27. f6 Rxf6 {[%emt 0:00:55] [#]} 28. Bxf7+ $1 Kh7 29. Rxf6 Qxf6 30. Rxc7 Bg4 31. Bc4 h5 32. Bd3+ Bf5 33. Rf7 Qg5 $18 34. Bxf5+ 1-0

[Event "1. Bamberg-Open 2018"]
[Site "Bamberg"]
[Date "2018.05.12"]
[Round "6"]
[White "Troyke, Christian"]
[Black "Pfadenhauer, Johannes"]
[Result "1-0"]
[ECO "A00"]
[WhiteElo "2342"]
[BlackElo "2167"]
[Annotator "ChessBase"]
[PlyCount "81"]
[EventDate "2018.??.??"]
[EventType "swiss"]
[EventCountry "GER"]
[SourceTitle "playchess.com"]
[Source "ChessBase"]
[SourceQuality "1"]
[TimeControl "40/5400+30:900+30"]

1. g3 g6 2. Bg2 Bg7 3. d4 c5 4. c3 cxd4 5. cxd4 Nf6 6. e4 d6 7. Nc3 O-O 8. Nge2 Nc6 9. O-O e5 10. h3 Nd7 11. Be3 Qe7 12. Rc1 Nb6 13. b3 Rd8 14. d5 Nb8 15. Nb5 Na6 16. Nxa7 Nc5 17. Nxc8 Rdxc8 18. Qd2 f5 19. exf5 gxf5 20. f4 e4 21. Nd4 Qf7 22. Ne6 Nbd7 23. Rfd1 Bf6 24. g4 Be7 25. Bf1 Qg6 26. Qg2 Kf7 27. Bc4 h5 28. g5 h4 29. Kh1 Ra3 30. Qe2 b6 31. Bb5 Rca8 32. Rc2 Nf8 33. Nxc5 bxc5 34. Ba4 Qh7 35. Rc4 Ng6 36. Rf1 Qg8 37. Bc1 Nxf4 38. Bxf4 Bxg5 39. Bxg5 Qxg5 40. Rxe4 R8xa4 41. Rxa4 1-0

[Event "1. Bamberg-Open 2018"]
[Site "Bamberg"]
[Date "2018.05.12"]
[Round "6"]
[White "Tscharotschkin, Michael"]
[Black "Popvasilev, Kaloyan"]
[Result "1-0"]
[ECO "B22"]
[WhiteElo "2219"]
[BlackElo "2050"]
[Annotator "NA"]
[PlyCount "53"]
[EventDate "2018.??.??"]
[EventType "swiss"]
[EventCountry "GER"]
[SourceTitle "playchess.com"]
[Source "ChessBase"]
[SourceQuality "1"]
[TimeControl "40/5400+30:900+30"]

1. e4 c5 2. c3 Nf6 3. e5 Nd5 4. d4 cxd4 5. cxd4 Nc6 6. Nf3 d6 7. Bc4 e6 8. O-O Be7 9. Qe2 O-O 10. Nc3 Nxc3 11. bxc3 dxe5 12. dxe5 Qc7 13. Bd3 b6 {[%emt 0:05:19] B22: Sicilian: 2 c3} 14. Qe4 g6 15. Bh6 Rd8 16. Rad1 Bb7 17. Qf4 Rd5 {[%emt 0:18:01] LiveBook: 12 Games} 18. Be4 Rc5 19. Rfe1 {[%emt 0:06:46] [#]} Rc8 $146 ({Predecessor:} 19... Rc4 20. Ng5 Nd8 21. Rd4 Rxd4 22. cxd4 {½-½ (43) Saldano Dayer,H (2425)-Pichot,A (2536) Villa Martelli 2016}) 20. h4 Rc4 21. h5 Nd8 22. hxg6 hxg6 23. Nd2 Ra4 {[%emt 0:03:33] [#]} 24. c4 (24. Qg3 $1 $18 {has better winning chances.} Qxc3 25. Re3) 24... Nc6 (24... Bc6 $142) 25. Qg3 Rxa2 {[%emt 0:01:15] [#]} (25... Qxe5 $16 26. Qxe5 Nxe5) 26. Bxg6 $1 Kh8 27. Bxf7 1-0

[Event "1. Bamberg-Open 2018"]
[Site "Bamberg"]
[Date "2018.05.12"]
[Round "6"]
[White "Kraich, Klaus"]
[Black "Paehtz, Thomas"]
[Result "0-1"]
[ECO "A04"]
[WhiteElo "2169"]
[BlackElo "2353"]
[Annotator "ChessBase"]
[PlyCount "82"]
[EventDate "2018.??.??"]
[EventType "swiss"]
[EventCountry "GER"]
[SourceTitle "playchess.com"]
[Source "ChessBase"]
[SourceQuality "1"]
[TimeControl "40/5400+30:900+30"]

1. Nf3 g6 2. d4 Bg7 3. e4 d6 4. Bc4 Nf6 5. Qe2 O-O 6. O-O c6 7. Bb3 Bg4 8. h3 Bxf3 9. Qxf3 e5 10. dxe5 dxe5 11. Nc3 Nbd7 12. Rd1 Qe7 13. Be3 Nc5 14. Rd2 Rad8 15. Rad1 Rxd2 16. Rxd2 b5 17. Bxc5 Qxc5 18. Qd3 Rc8 19. Nd1 Bh6 20. Re2 Qe7 21. Qf3 Nd7 22. Ne3 Nc5 23. Rd2 Rc7 24. c3 a5 25. Bc2 a4 26. Rd1 Rd7 27. Rxd7 Qxd7 28. Ng4 Bg7 29. Nf6+ Bxf6 30. Qxf6 Qd2 31. Qxe5 Ne6 32. c4 Qxc2 33. cxb5 cxb5 34. Qb8+ Nf8 35. Qxb5 Qxe4 36. g3 Qb1+ 37. Kg2 Qxa2 38. Qe8 Qb3 39. Kg1 Qd1+ 40. Kg2 Qd4 41. h4 h5 0-1

[Event "1. Bamberg-Open 2018"]
[Site "Bamberg"]
[Date "2018.05.12"]
[Round "6"]
[White "Huemmer, Bernd"]
[Black "Gegenfurtner, Juergen"]
[Result "0-1"]
[ECO "D02"]
[WhiteElo "2141"]
[BlackElo "2289"]
[Annotator "ChessBase"]
[PlyCount "68"]
[EventDate "2018.??.??"]
[EventType "swiss"]
[EventCountry "GER"]
[SourceTitle "playchess.com"]
[Source "ChessBase"]
[SourceQuality "1"]
[TimeControl "40/5400+30:900+30"]

1. Nf3 d5 2. d4 Nf6 3. Bf4 e6 4. e3 Bd6 5. Ne5 O-O 6. Bd3 c5 7. c3 Nc6 8. Nd2 Qc7 9. Ndf3 b6 10. Nxc6 Qxc6 11. Bxd6 Qxd6 12. Ne5 Rb8 13. a3 b5 14. O-O a5 15. b4 c4 16. Bc2 Ne4 17. Bxe4 dxe4 18. f4 exf3 19. Nxf3 Bb7 20. Qc2 Ra8 21. a4 axb4 22. cxb4 bxa4 23. Rxa4 Be4 24. Qa2 Qxb4 25. Rxb4 Rxa2 26. Rc1 Bd5 27. e4 Bxe4 28. Rbxc4 g5 29. Rc5 h6 30. Re5 Bd5 31. Rd1 Rc8 32. Rd2 Rxd2 33. Nxd2 Rc2 34. Re2 Bc4 0-1

[Event "1. Bamberg-Open 2018"]
[Site "Bamberg"]
[Date "2018.05.12"]
[Round "6"]
[White "Hoffmann, Sebastian"]
[Black "Schulz, Karsten"]
[Result "0-1"]
[ECO "C00"]
[WhiteElo "2130"]
[BlackElo "2246"]
[Annotator "NA"]
[PlyCount "66"]
[EventDate "2018.??.??"]
[EventType "swiss"]
[EventCountry "GER"]
[SourceTitle "playchess.com"]
[Source "ChessBase"]
[SourceQuality "1"]
[TimeControl "40/5400+30:900+30"]

1. e4 e6 2. Qe2 b6 3. Nf3 Bb7 {[%emt 0:00:08] C00: French: Unusual White 2nd moves} (3... c5 4. g3 Bb7 5. Bg2 Nf6 6. d3 d5 7. e5 Nfd7 8. O-O Nc6 9. c4 d4 10. Re1 Be7 11. h4 {0-1 (46) Gutierrez Olivares,D (2336)-Larino Nieto,D (2491) Las Palmas 2017}) 4. g3 g6 5. Bg2 Bg7 6. d4 d6 $146 ({Predecessor:} 6... Ne7 7. h4 O-O 8. h5 d5 9. hxg6 hxg6 10. e5 c5 11. Bg5 {1-0 (11) Sternik,R (1756)-Simoni,P (1800) FICGS email 2011}) 7. O-O Nd7 8. c4 Ne7 9. Nc3 O-O 10. h3 a6 11. Be3 b5 12. cxb5 axb5 13. Qd2 (13. a3 $11 {keeps the balance.}) 13... b4 14. Ne2 Bxe4 15. Qxb4 Nd5 16. Qd2 Nxe3 17. Qxe3 Nf6 ({Black should try} 17... Bb7 $17 18. Ng5 Bxg2 19. Kxg2 c5) 18. Nc3 Bb7 19. Rfc1 Qe7 20. b4 Rfb8 21. a4 Qd7 22. b5 Nd5 23. Nxd5 Bxd5 24. Ne1 Bxg2 25. Kxg2 Rb7 26. Rc6 {[%emt 0:11:27] [#]} Rxb5 $1 27. Rac1 ({Only move:} 27. axb5 $15 Rxa1 28. Nf3) 27... Rc5 28. Rxd6 cxd6 29. dxc5 dxc5 30. Qxc5 Qxa4 31. Qe7 Qe4+ 32. Kh2 Bd4 33. Rc4 Qxe1 0-1

[Event "1. Bamberg-Open 2018"]
[Site "Bamberg"]
[Date "2018.05.12"]
[Round "6"]
[White "Korolev, Alexandr"]
[Black "Loew, Gerald"]
[Result "1/2-1/2"]
[ECO "C41"]
[WhiteElo "2071"]
[BlackElo "2202"]
[Annotator "NA"]
[PlyCount "64"]
[EventDate "2018.??.??"]
[EventType "swiss"]
[EventCountry "GER"]
[SourceTitle "playchess.com"]
[Source "ChessBase"]
[SourceQuality "1"]
[TimeControl "40/5400+30:900+30"]

1. e4 d6 2. d4 Nf6 3. Nc3 e5 4. Nf3 Nbd7 5. Be2 Be7 6. O-O c6 {[%emt 0:01:24] C41: Philidor Defence} 7. a4 {[%emt 0:00:10] LiveBook: 32 Games} a5 (7... O-O 8. Re1 Qc7 9. Bf1 Re8 10. h3 Nf8 11. a5 Ng6 12. Be3 Bd7 13. Bc4 h6 14. d5 c5 15. Bf1 Rf8 16. Qb1 {½-½ (73) Zvjaginsev,V (2660)-Kunin,V (2556) Berlin 2015}) 8. Re1 Qc7 9. Bf1 h6 10. g3 $146 ({Predecessor:} 10. b3 Nf8 11. h3 Rg8 12. Bb2 Ng6 13. Qd2 Be6 14. Ba3 {1-0 (33) Kupfer,M (2133)-Roomer,P (1700) Goch 2009}) 10... g5 11. dxe5 (11. Bg2 $16) 11... dxe5 12. Nd2 Nb6 13. Nb3 Be6 14. Bd3 Nbd7 15. Qe2 Nc5 16. Nxc5 Bxc5 17. Be3 Qb6 18. Bxc5 Qxc5 19. Qe3 (19. Nd1 $11 {remains equal.}) 19... Qxe3 20. Rxe3 Ke7 21. Be2 h5 22. f3 h4 23. Kg2 Rh6 24. g4 Rhh8 25. Rd3 Rhd8 26. Nd1 Rxd3 27. Bxd3 Nd7 28. Kf2 Nc5 29. Be2 Rd8 30. Ke3 Rd4 31. b3 f6 32. Nb2 $15 Kd8 1/2-1/2